 Dungeon Crawl Stone Soup version 0.31-a0-1074-g0b22e4e0f1 (webtiles) character file.

Game seed: 12732652188887249690

109 lunkers the Insei (level 5, -5/41 HPs)
             Began as a Meteoran Shapeshifter on Dec 1, 2023.
             Was a Believer of Uskayaw.
             Slain by a gnoll
             ... wielding a +0 quarterstaff
              (8 damage)
             ... on level 3 of the Dungeon.
             The game lasted 00:03:07 (926 turns).

lunkers the Insei (Meteoran Shapeshifter)            Turns: 926, Time: 00:03:07

Health: -5/41      AC: 10    Str: 15    XL:     5   Next: 37%
Magic:  6/6        EV:  4    Int: 11    God:    Uskayaw [**....]
Gold:   98         SH:  0    Dex: 16    Spells: 4/4 levels left

rFire   . .          .
                       - Unarmed
rCold   . . .        (no shield)
rNeg    . . .        o - +0 plate armour
rPois   .            (helmet currently unavailable)
rElec   .            (cloak currently unavailable)
rCorr   .            (gloves currently unavailable)
SInv    .            (boots currently unavailable)
Will    .....        (no amulet) Stlth
                     (no ring)
HPRegen 0.26/turn    (no ring)
MPRegen 0.10/turn

%: no passive effects
@: beast-form, glowing
A: beast (slay +2), sense surroundings 1, otherworldly, glowing, explore regen
a: Begin Untransformation, Renounce Religion, Stomp, Line Pass


You were on level 3 of the Dungeon.
You worshipped Uskayaw.
Uskayaw was noncommittal.
You were a hulking beast.
You visited 1 branch of the dungeon, and saw 3 of its levels.

You collected 98 gold pieces.

Inventory:

Armour
 a - a +0 animal skin
 k - a +0 ring mail
 o - a +0 plate armour (worn)
Talismans
 c - a beast talisman
 d - a flux talisman
Scrolls
 h - 2 scrolls of immolation {unknown}
 i - 4 scrolls of identify {unknown}
 j - 2 scrolls of poison {unknown}
 l - a scroll of revelation {unknown}
 n - a scroll of noise {unknown}
Potions
 b - a potion of lignification
 e - a potion of haste {unknown}
 f - a potion of mutation {unknown}
 g - 2 potions of curing {unknown}
 m - a potion of might {unknown}


   Skills:
 + Level 1.6 Fighting
 + Level 2.6 Dodging
 * Level 5.3 Unarmed Combat
 + Level 1.3 Invocations
 + Level 4.3 Shapeshifting


You had 4 spell levels left.
You didn't know any spells.
Your spell library contained the following spells:

 Spells                   Type           Power      Damage    Failure   Level
 Foxfire                  Conj/Fire      0%         2x1d4     100%        1
 Poisonous Vapours        Pois/Air       0%         N/A       100%        2
 Mephitic Cloud           Conj/Pois/Air  0%         N/A       100%        3
 Freezing Cloud           Conj/Ice/Air   0%         6-21      100%        5


Dungeon Overview and Level Annotations

Branches:
Dungeon (3/15) Zot: 884

Altars:
Uskayaw


Innate Abilities, Weirdness & Mutations

You are a hulking beast.
Your limbs bulge with bestial killing power. (Slay +2)
You passively map a small area around you.
You are easily found by Zot.
You glow in the dark.
You regain HP and MP as you explore.


Message History

The gnoll hits you from afar with a +0 spear.
The gnoll hits you with a +0 quarterstaff.
* * * LOW HITPOINT WARNING * * *
You barely miss the gnoll.
The gnoll is moderately wounded.
The gnoll hits you but does no damage.
Unknown command.
You hit the gnoll but do no damage.
The gnoll is moderately wounded.
The gnoll hits you but does no damage.
You can no longer pass through a line of other dancers.
Unknown command.
You hit the gnoll.
The gnoll is moderately wounded.
The gnoll hits you from afar with a +0 spear.
* * * LOW HITPOINT WARNING * * *
The gnoll completely misses you.
You can now pass through a line of other dancers.
You closely miss the gnoll.
The gnoll is moderately wounded.
The gnoll hits you from afar with a +0 spear.
* * * LOW HITPOINT WARNING * * *
The gnoll hits you with a +0 quarterstaff.
* * * LOW HITPOINT WARNING * * *
You closely miss the gnoll. You punch the gnoll, but do no damage.
The gnoll is moderately wounded.
The gnoll hits you but does no damage.
The gnoll hits you with a +0 quarterstaff.
* * * LOW HITPOINT WARNING * * *
You closely miss the gnoll.
The gnoll is moderately wounded.
The gnoll hits you from afar with a +0 spear.
* * * LOW HITPOINT WARNING * * *
The gnoll hits you with a +0 quarterstaff!
* * * LOW HITPOINT WARNING * * *
Unknown command.
Okay, then.
The gnoll attacks as it pursues you!
The gnoll hits you with a +0 quarterstaff!
You die...

#.##......#.......
#>##.###.#..######
###.##.###.#...##
#.......##......#
#.#........#...##
* #.#.....#####.##
#.#.###.# #.#
#.#.# #.# #.#
#.#h###.# *#+# ,
#..g....# *, *
###.##### , #J#* ,
, * *#.g.# ,
)...... , *
##....### ,, , *
#.#.## #.###* * ,
*


You could see 2 gnolls and an endoplasm.

Vanquished Creatures
  Terence (D:3)
  An orc wizard (D:3)
  A gnoll (D:3)
  2 worms
  4 orcs (D:3)
  4 bats
  7 endoplasms
  2 giant cockroaches (D:1)
  A goblin (D:2)
  5 jackals (D:1)
  A quokka (D:1)
  3 frilled lizards
  4 kobolds
  A rat (D:1)
37 creatures vanquished.

Notes
Turn   | Place    | Note
-------+----------+-------------------------------------------
     0 | D:1      | lunkers the Meteoran Shapeshifter began the quest for the
                  | Orb.
     0 | D:1      | Reached XP level 1. HP: 16/16 MP: 2/2
    51 | D:1      | Reached skill level 4 in Unarmed Combat
    51 | D:1      | Reached XP level 2. HP: 17/23 MP: 3/3
   127 | D:1      | Reached XP level 3. HP: 28/28 MP: 4/4
   325 | D:2      | Found a hide-covered altar of Uskayaw.
   371 | D:2      | Became a worshipper of Uskayaw the Reveller
   403 | D:2      | Reached * piety under Uskayaw
   452 | D:2      | Found a faded altar of an unknown god.
   461 | D:2      | Got Plato's Volume of Fever
   546 | D:2      | Reached ** piety under Uskayaw
   665 | D:3      | Noticed Terence
   672 | D:3      | Killed Terence
   673 | D:3      | Reached skill level 5 in Unarmed Combat
   673 | D:3      | Reached XP level 4. HP: 25/35 MP: 5/5
   720 | D:3      | Reached *** piety under Uskayaw
   727 | D:3      | Reached **** piety under Uskayaw
   730 | D:3      | Reached skill level 1 in Invocations
   730 | D:3      | Reached XP level 5. HP: 25/40 MP: 6/6
   926 | D:3      | Slain by a gnoll

Illustrated notes

Levels and vault maps discovered:
D:1:      elethiomel_arrival_infinity_welcomes_careful_drivers, layout_basic
D:2:      layout_rooms, shapermc_ecumenical_altar_rom_forum, basic_altar,
          minmay_misc_feat_iff
D:3:      layout_loops_corners, uniq_terence

Skill      XL: |  1  2  3  4 |
---------------+-------------+-----
Unarmed Combat | 4 5 |  5.3
Shapeshifting  | 4 |  4.3
Invocations    | 1 |  1.3
Fighting       | |  1.6
Dodging        | |  2.6

Action                     |  1- 3 |  4- 6 || total
---------------------------+-------+-------++-------
  Melee: Unarmed           |    82 |    32 ||   114
         Punch             |     1 |     2 ||     3
    Use: Potion            |     1 |       ||     1
   Stab: Sleeping          |     1 |       ||     1
         Paralysed         |       |     1 ||     1
 Armour: Animal skin       |    20 |       ||    20
         Ring mail         |     6 |       ||     6
         Skin              |     3 |       ||     3
         Plate armour      |     1 |    32 ||    33
  Dodge: Dodged            |    44 |     4 ||    48

Table legend: (Time is in decaauts)
 A = Elapsed time spent in this place.
 B = Non-inter-level travel time spent in this place.
 C = Inter-level travel time spent in this place.
 D = Time resting spent in this place.
 E = Time spent auto-exploring this place.
 F = Levels seen in this place.
 G = Mean time per level.
                   A        B        C        D        E       F      G
               +--------+--------+--------+--------+--------+-----+--------+
         Total |    914 |    893 |     21 |     19 |    581 |   3 |  304.7 |
       Dungeon |    914 |    893 |     21 |     19 |    581 |   3 |  304.7 |
               +--------+--------+--------+--------+--------+-----+--------+

Top non-repeatable levels by time:
     D:1: 315 daAuts
     D:3: 310 daAuts
     D:2: 289 daAuts
